 Dungeon Crawl Stone Soup version 0.22.1-1-ga44c0e56f4 (webtiles) character file.

806 Nygeryga the Cudgeler (level 7, -3/61 HPs)
             Began as a Minotaur Berserker on Oct 13, 2018.
             Was a Priest of Trog.
             Killed by divine providence
             ... invoked by an orc priest
              (14 damage)
             ... on level 5 of the Dungeon.
             The game lasted 00:07:55 (4918 turns).

Nygeryga the Cudgeler (Minotaur Berserker)          Turns: 4918, Time: 00:07:57

Health: -3/61      AC:  6    Str: 23    XL:     7   Next: 60%
Magic:  6/6        EV: 12    Int:  4    God:    Trog [***...]
Gold:   225        SH:  0    Dex: 10    Spells: 6/6 levels left

rFire    . . .     SeeInvis .   a - +0 mace
rCold    + . .     Gourm    .   (no shield)
rNeg     . . .     Faith    .   f - +0 ring mail
rPois    .         Spirit   .   (helmet restricted)
rElec    .         Reflect  .   (no cloak)
rCorr    .         Harm     .   (no gloves)
MR       .....                  (no boots)
Stlth    +.........             (no amulet)
HPRegen  0.20/turn              e - ring of protection from cold
MPRegen  0.10/turn              (no ring)

@: no status effects
A: retaliatory headbutt, horns 2
a: Berserk, Trog's Hand, Renounce Religion


You were on level 5 of the Dungeon.
You worshipped Trog.
Trog was most pleased with you.
You were hungry.

You visited 1 branch of the dungeon, and saw 5 of its levels.

You collected 225 gold pieces.

Inventory:

Hand Weapons
 a - a +0 mace (weapon)
Armour
 b - a +0 animal skin
 f - a +0 ring mail (worn)
Jewellery
 e - a ring of protection from cold (left hand)
Scrolls
 d - 2 scrolls of identify {unknown}
 g - 4 scrolls of teleportation {unknown}
 h - a scroll of blinking {unknown}
 i - 2 scrolls of fog {unknown}
 l - 2 scrolls of amnesia {unknown}
Potions
 j - a potion of curing {unknown}
 k - a potion of might {unknown}
 m - a potion of lignification {unknown}
 n - a potion of brilliance {unknown}
 p - a potion of mutation {unknown}
Comestibles
 c - 6 rations


   Skills:
 + Level 5.5 Fighting
 + Level 7.1 Maces & Flails
 + Level 6.2 Armour
 + Level 3.9 Dodging
 + Level 1.0 Stealth


You had 6 spell levels left.
You didn't know any spells.
Your spell library was empty.

Dungeon Overview and Level Annotations

Branches:
Dungeon (5/15)             Temple (0/1) D:4

Altars:
Dithmenos
Elyvilon
Fedhas
Gozag
Nemelex Xobeh
Ru


Innate Abilities, Weirdness & Mutations

You reflexively headbutt those who attack you in melee.
You have a pair of horns on your head.


Message History

You thump the orc!
You kill the orc!
Trog accepts your kill. The orc priest hits you.
You barely miss the orc. Your headbutt misses the orc.
The orc barely misses you.
The orc priest calls down the wrath of Beogh upon you.
Pain shoots through your body!
You barely miss the orc. Your headbutt misses the orc.
The orc closely misses you. You furiously retaliate!
You headbutt the orc, but do no damage. The orc priest hits you.
The orc hits you.
You hit the orc but do no damage.
The orc priest invokes the aid of Beogh against you.
Beogh smites you!
* * * LOW HITPOINT WARNING * * *
The orc misses you.
The orc priest calls down the wrath of Beogh upon you.
Beogh smites you!
You die...

.#..#.#.#..#.#.# #.#
.#.##...#..#.#.###.#
.#.######..#.#.#....
.#.........#.#.#.#.#
<#########.#.#.#.#
.............#)#.#
##########.###.#.#
#.###.#o# ######
#.##..o@#
##....####.##....#
...........##>...#
##....#######....#
#....# #....# #....#
#..... #....#
#...### #....# ##.##
#....#


You could see an orc priest and an orc.

Vanquished Creatures
  An ice beast (D:5)
  A phantom (D:5)
  A centaur (D:5)
  A jelly (D:5)
  3 orc priests
  2 orc wizards (D:4)
  2 iguanas (D:5)
  4 worker ants
  6 gnolls
  5 adders
  An ooze (D:1)
  5 worms
  4 dart slugs
  2 leopard geckos
  11 orcs
  3 giant cockroaches
  2 goblins
  11 hobgoblins
  6 jackals
  3 quokkas
  10 bats
  A frilled lizard (D:2)
  7 kobolds
  A leopard gecko skeleton (D:3)
  9 rats
102 creatures vanquished.

Notes
Turn   | Place    | Note
-------+----------+-------------------------------------------
     0 | D:1      | Nygeryga the Minotaur Berserker began the quest for the
                  | Orb.
     0 | D:1      | Reached XP level 1. HP: 19/19 MP: 0/0
   107 | D:1      | Reached skill level 4 in Maces & Flails
   107 | D:1      | Reached XP level 2. HP: 17/27 MP: 1/1
   444 | D:1      | Reached XP level 3. HP: 31/33 MP: 2/2
   897 | D:2      | Reached ** piety under Trog
   963 | D:2      | Found a shadowy altar of Dithmenos.
  1013 | D:2      | Reached XP level 4. HP: 24/41 MP: 3/3
  1857 | D:2      | Found an opulent altar of Gozag.
  1860 | D:2      | Found a sparkling altar of Nemelex Xobeh.
  1863 | D:2      | Found a blossoming altar of Fedhas.
  1866 | D:2      | Found a white marble altar of Elyvilon.
  2772 | D:4      | Reached XP level 5. HP: 35/47 MP: 4/4
  2942 | D:4      | Reached skill level 5 in Maces & Flails
  3159 | D:4      | Reached *** piety under Trog
  3180 | D:4      | Reached XP level 6. HP: 36/55 MP: 5/5
  3370 | D:4      | Reached skill level 5 in Fighting
  3684 | D:4      | Found a staircase to the Ecumenical Temple.
  3746 | D:4      | Reached skill level 5 in Armour
  3755 | D:4      | Reached skill level 6 in Maces & Flails
  3981 | D:4      | Found a sacrificial altar of Ru.
  4028 | D:5      | Entered Level 5 of the Dungeon
  4172 | D:5      | Reached XP level 7. HP: 18/61 MP: 6/6
  4445 | D:5      | Reached skill level 1 in Stealth
  4549 | D:5      | Reached skill level 7 in Maces & Flails
  4918 | D:5      | Killed from afar by an orc priest

Skill      XL: |  1  2  3  4  5  6  7 |
---------------+----------------------+-----
Maces & Flails | 4 5 6 7 |  7.1
Fighting       | 4 5 |  5.5
Armour         | 3 4 5 6 |  6.2
Dodging        | 3 |  3.9
Stealth        | 1 |  1.0

Action                   |  1- 3 |  4- 6 |  7- 9 || total
-------------------------+-------+-------+-------++-------
Melee: Mace              |    72 |   137 |    48 ||   257
       Headbutt          |     9 |    30 |     8 ||    47
Invok: Berserk           |     1 |     2 |       ||     3
  Eat: Chunk             |       |     9 |     2 ||    11
       Ration            |       |     1 |       ||     1
Armor: Animal skin       |     4 |       |       ||     4
       Ring mail         |    10 |    43 |     8 ||    61
Dodge: Dodged            |    59 |    89 |    30 ||   178
